Map: World of Sleepers LE

Players

RaxCity - Winner!

  • Race: Zerg Zerg
  • League: Diamond
  • Spawn Location: 1:00

Mez

  • Race: Terran Terran
  • League: Master
  • Spawn Location: 7:00

VOD

Have the link to the VOD?

Description

Time

  • Played on: Aug. 28, 2019, 8:46 p.m.
  • Length: 5:07
Show
View Real Time Build Order
Export as new Build Order

RaxCity Zerg - Winner!

Build Orders: Pool First 

Get SALT Encoding   

  12  0:02  Drone  
  13  0:13  Overlord  
  13  0:17  Drone  
  14  0:31  Drone x2  
  16  0:43  Spawning Pool  
  16  0:47  Extractor  
  16  0:48  Drone  
  15  0:50  Drone  
  15  0:56  Drone  
  17  1:17  Hatchery  
  16  1:26  Extractor  
  16  1:29  Zergling x4  
  16  1:32  Zergling x2  
  18  1:48  Lair  
  18  1:58  Zergling x4  
  20  2:07  Metabolic Boost  
  20  2:12  Zergling x2  
  21  2:18  Zergling x2  
  23  2:30  Zergling x4  
  24  2:46  Nydus Network  
  23  2:57  Zergling x2  
  23  2:58  Zergling x4  
  26  3:01  Zergling x2  
  26  3:05  Zergling x2  
  28  3:26  Nydus Canal  
  27  4:02  Nydus Canal  
  25  4:03  Zergling x8  
  24  4:14  Zergling x2  
  24  4:15  Zergling x6  
  26  4:32  Nydus Canal  
  26  4:38  Zergling x2  
  26  4:39  Zergling x2  
  27  4:46  Nydus Canal  
Show
View Real Time Build Order
Export as new Build Order

Mez Terran 

Build Orders: Liberator Opening, Reaper Expand 

Get SALT Encoding   

  12  0:01  SCV  
  13  0:13  SCV  
  14  0:18  Supply Depot  
  14  0:25  SCV  
  15  0:39  SCV  
  15  0:42  Barracks  
  16  0:45  Refinery  
  16  0:51  SCV  
  17  1:03  SCV  
  18  1:16  SCV  
  19  1:29  Orbital Command, Reaper  
  20  1:41  Command Center  
  20  1:52  Supply Depot  
  20  1:56  SCV  
  21  2:01  Marine  
  21  2:09  SCV  
  22  2:17  Factory  
  22  2:20  Bunker  
  22  2:25  Barracks Reactor  
  22  2:33  SCV  
  23  2:41  Refinery  
  23  2:54  Orbital Command  
  23  2:58  SCV  
  24  3:07  Starport  
  24  3:10  Hellion x2  
  24  3:11  SCV  
  29  3:14  Barracks Tech Lab  
  29  3:16  Supply Depot  
  29  3:21  SCV  
  30  3:32  SCV  
  30  3:33  SCV, Hellion x2  
  30  3:34  Liberator  
  36  3:41  Supply Depot  
  34  3:53  Marine  
  34  3:54  SCV x2  
  33  4:09  Hellion  
  28  4:14  Marine  
  28  4:25  SCV  
  27  4:36  Orbital Command  
  27  4:42  SCV  
Tags
 
Add a new tag
Caveats
  • Supply blocks, unpowered buildings, or Contaminate may cause inaccurate times.
  • Supply counts are checked every 10 seconds.